 Dungeon Crawl Stone Soup version 0.31.0-11-ge490571c62 (console) character file.

Game seed: 7306939604620243342

13200 Ignak the Thaumaturge (level 12, -8/91 HPs)
             Began as a Gnoll Hedge Wizard on Feb 7, 2024.
             Was a Priest of Sif Muna.
             Mangled by a warg (17 damage)
             ... on level 10 of the Dungeon.
             The game lasted 00:33:34 (11805 turns).

Ignak the Thaumaturge (Gnoll Hedge Wizard)         Turns: 11805, Time: 00:33:35

Health: -8/91      AC: 13    Str: 10    XL:     12   Next: 3%
Magic:  22/26      EV: 13    Int: 25    God:    Sif Muna [***...]
Gold:   1311       SH:  6    Dex: 14    Spells: 9/31 levels left

rFire   . . .        a - +7 flail (holy)
rCold   . . .        T - +0 buckler
rNeg    . . .        P - +0 swamp dragon scales
rPois   +            c - +0 hat
rElec   .            (no cloak)
rCorr   .            G - +1 pair of gloves {Dex+3}
SInv    .            F - +0 pair of boots
Will    +....        S - amulet of magic regeneration
Stlth   +++          l - +6 ring of intelligence
HPRegen 0.35/turn    y - ring of willpower
MPRegen 0.60/turn

%: no passive effects
@: fugue
A: fangs 1, strong nose, distributed training
a: Renounce Religion, Channel Magic, Forget Spell


You were on level 10 of the Dungeon.
You worshipped Sif Muna.
Sif Muna was most pleased with you.
You visited 3 branches of the dungeon, and saw 13 of its levels.
You also visited: Bailey.

You collected 1492 gold pieces.
You spent 181 gold pieces at shops.

Inventory:

Hand Weapons
 a - a +7 flail of holy wrath (weapon)
 b - a +4 short sword
Missiles
 g - 6 throwing nets
 k - 27 poisoned darts (quivered)
Armour
 c - a +0 hat (worn)
 F - a +0 pair of boots (worn)
 G - a +1 pair of gloves of dexterity (worn)
 P - +0 swamp dragon scales (worn)
 T - a +0 buckler (worn)
Magical Staves
 m - a staff of fire
Jewellery
 l - a +6 ring of intelligence (left hand)
 y - a ring of willpower (right hand)
 L - a ring of fire
 S - an amulet of magic regeneration (around neck)
Wands
 v - a wand of mindburst (3)
 z - a wand of iceblast (5)
 B - a wand of polymorph (3)
 E - a wand of digging (12)
 U - a wand of acid (6)
Scrolls
 e - a scroll of blinking
 f - 2 scrolls of teleportation
 i - a scroll of amnesia
 q - 3 scrolls of fear
 u - a scroll of poison
 w - 2 scrolls of immolation
 H - a scroll of fog
 J - 2 scrolls of vulnerability
 Q - a scroll of identify
 R - a scroll of revelation
Potions
 d - 3 potions of magic
 h - a potion of resistance
 j - a potion of heal wounds {unknown}
 n - a potion of might {unknown}
 o - a potion of lignification {unknown}
 p - 2 potions of cancellation
 r - 2 potions of attraction
 s - 2 potions of brilliance {unknown}
 t - a potion of enlightenment
 x - a potion of mutation {unknown}
 C - a potion of haste
 I - a potion of ambrosia
 O - a potion of curing {unknown}


   Skills:
 + Level 7.5 Fighting
 + Level 7.5 Short Blades
 + Level 7.5 Long Blades
 + Level 7.5 Axes
 + Level 7.5 Maces & Flails
 + Level 7.5 Polearms
 + Level 7.5 Staves
 + Level 7.5 Ranged Weapons
 + Level 7.5 Throwing
 + Level 7.5 Armour
 + Level 8.9 Dodging
 + Level 8.7 Stealth
 + Level 7.5 Shields
 + Level 7.5 Unarmed Combat
 + Level 10.4 Spellcasting
 + Level 6.6 Conjurations
 + Level 6.2 Hexes
 + Level 6.6 Summonings
 + Level 6.2 Necromancy
 + Level 6.6 Translocations
 + Level 6.2 Fire Magic
 + Level 6.2 Ice Magic
 + Level 6.2 Air Magic
 + Level 6.2 Earth Magic
 + Level 6.2 Alchemy
 + Level 8.2 Invocations
 + Level 7.5 Evocations
 + Level 6.8 Shapeshifting


You had 9 spell levels left.
You knew the following spells:

 Your Spells              Type           Power      Damage    Failure   Level
a - Magic Dart            Conj           100%       1d8       1%          1
b - Blink                 Tloc           92%        N/A       1%          2
c - Ensorcelled Hibernat  Hex/Ice        88%        N/A       1%          2
d - Mephitic Cloud        Conj/Alch/Air  45%        N/A       3%          3
e - Call Imp              Summ           92%        N/A       1%          2
f - Fireball              Conj/Fire      22%        3d10      26%         5
q - Anguish               Hex/Necr       22%        N/A       11%         4
w - Fugue of the Fallen   Necr           44%        N/A       3%          3

Your spell library contained the following spells:

 Spells                   Type           Power      Damage    Failure   Level
 Slow                     Hex            100%       N/A       1%          1
 Cigotuvi's Dreadful Rot  Necr/Alch/Air  88%        N/A       1%          2
 Sublimation of Blood     Necr           44%        N/A       1%          2
 Brom's Barrelling Bould  Conj/Erth      45%        2d6       10%         4
 Iskenderun's Battlesphe  Conj           46%        2d10      26%         5
 Conjure Ball Lightning   Conj/Air       22%        3x3d6     83%         6
 Orb of Destruction       Conj           23%        9d8       100%        7
 Summon Hydra             Summ           23%        N/A       100%        7


Dungeon Overview and Level Annotations

Branches:
Dungeon (11/15)            Temple (1/1) D:7            Lair (0/5) D:8
    Orc (1/2) D:10         Bailey (visited)

Altars:
Ashenzari
Cheibriados
Dithmenos
Elyvilon
Fedhas
Gozag
Hepliaklqana
Kikubaaqudgha
Makhleb
Nemelex Xobeh
Okawaru
Qazlal
Ru
Sif Muna
Trog
Uskayaw
Vehumet
Wu Jian
Xom
Yredelemnul
Zin
The Shining One
Lugonu

Shops:
D:6 !   D:8 [

Portals:
Abyss: D:6


Innate Abilities, Weirdness & Mutations

You have very sharp teeth.
Your uncanny sense of smell can sniff out nearby items.
Your experience applies equally to all skills.


Message History

The orc wizard hits you with a +0 dagger.
The orc warrior hits you with a +0 short sword.
You hit the orc wizard.
The orc wizard is almost dead.
The orc wizard hits you with a +0 dagger.
You block the orc warrior's attack.
You thump the orc wizard!
You kill the orc wizard!
Sif Muna accepts your kill.
The orc warrior hits you but does no damage.
You sock the orc warrior! Your bite misses the orc warrior.
The orc warrior is almost dead.
The warg bites you! You block the orc warrior's attack. The warg bites you!
You hit the warg but do no damage. Your bite misses the warg.
The orc warrior hits you but does no damage.
The warg closely misses you. You block the warg's attack.
The orc warrior barely misses you. The warg bites you!
* * * LOW HITPOINT WARNING * * *
You climb upwards.
Welcome back to the Dungeon!
There is a staircase to the Orcish Mines, spattered with blood here.
Casting: Fugue of the Fallen (mildly dangerous; 3% risk of failure)
Confirm with . or Enter, or press ? or * to list all spells.
You blink.
The warg bites you!
* * * LOW HITPOINT WARNING * * *
The orc warrior throws a boomerang.
The boomerang barely misses you.
Casting: Blink (safe; 1% risk of failure)
Confirm with . or Enter, or press ? or * to list all spells.
Aiming: Mephitic Cloud (mildly dangerous; 3% risk of failure)
Press: ? - help, Shift-Dir - straight line, f - orc warrior
Aim: an orc warrior, wielding a +0 short sword, wearing a +0 chain mail and quivering boomerangs (almost dead, chance to affect: 81%)
The ball explodes into a vile cloud!
The stinking cloud engulfs the warg.
The stinking cloud engulfs you.
The stinking cloud engulfs the orc warrior.
The orc warrior is almost dead.
You feel ready to blink again. The warg bites you.
* * * LOW HITPOINT WARNING * * *
The warg bites you!
You die...

#######.## #####.'....### #.
###........###).[..#....'.# ####.
#..............###[#....#.###....
#.#........###.###[########.#....
..#........# #.....8#.....#......
###........# ##.....#.....###....
#........# ##§§§.'.._..# #####
#........# #§h..#.....#
######.### #@o☼8#.....# #.##
############ #..# ###........###
###.#####.†........'.##
#......#..#........#..#####
###........##........##..#...
#####........####........###.#...
#.....#......# #........# #.'...
..#####......# #........# ###..<


You could see a warg and an orc warrior.

Vanquished Creatures
  Harold (D:9)
  2 vault guards (Bailey)
  2 two-headed ogres
  Erica (D:8)
  A tengu warrior (D:10)
  An ugly thing (D:11)
  A rust devil (D:7)
  Maggie (D:10)
  A hornet (D:9)
  A blink frog (Bailey)
  Prince Ribbit (D:8)
  A wyvern (D:9)
  3 yaks (D:10)
  5 humans (Bailey)
  3 acid dragons
  A water moccasin (D:6)
  8 orc warriors
  2 ice beasts
  3 black bears
  3 ogres
  2 wolves (D:8)
  3 centaurs
  2 kobold brigands
  A gnoll sergeant (D:9)
  14 bullfrogs
  2 scorpions
  6 wights
  15 killer bees
  2 electric eels (D:8)
  4 howler monkeys
  5 hounds
  4 jellies
  4 orc priests
  A gnoll bouda (D:4)
  2 iguanas
  13 orc wizards
  5 adders
  9 gnolls
  A white imp (D:7)
  3 dart slugs
  41 orcs
  3 bats (D:2)
  5 endoplasms
  3 giant cockroaches (D:1)
  14 goblins
  10 hobgoblins
  A quokka (D:4)
  5 ball pythons
  3 frilled lizards
  21 kobolds
  10 rats
256 creatures vanquished.

Vanquished Creatures (collateral kills)
  A kobold brigand (D:9)
  A killer bee (D:10)
  A ribbon worm (D:2)
  A kobold (D:9)
  A bat (D:2)
5 creatures vanquished.

Vanquished Creatures (others)
  A vampire (D:11)
  A wight (D:8)
  2 lurking horrors (D:6)
4 creatures vanquished.

Grand Total: 265 creatures vanquished

Notes
Turn   | Place    | Note
-------+----------+-------------------------------------------
     0 | D:1      | Ignak the Gnoll Hedge Wizard began the quest for the Orb.
     0 | D:1      | Reached XP level 1. HP: 13/13 MP: 8/8
   194 | D:1      | Reached XP level 2. HP: 19/19 MP: 6/10
   790 | D:1      | Learned a level 2 spell: Blink
   793 | D:1      | Learned a level 2 spell: Call Imp
   818 | D:1      | Reached XP level 3. HP: 25/25 MP: 11/11
  1228 | D:2      | Reached skill level 1 in Invocations
  1353 | D:2      | Identified the +1 leather armour of the Big Bang {*Corrode
                  | rElec Str+6 SInv}
  1673 | D:2      | Reached skill level 1 in Fighting
  1673 | D:2      | Reached skill level 1 in Short Blades
  1673 | D:2      | Reached skill level 1 in Long Blades
  1673 | D:2      | Reached skill level 1 in Axes
  1673 | D:2      | Reached skill level 1 in Maces & Flails
  1673 | D:2      | Reached skill level 1 in Polearms
  1673 | D:2      | Reached skill level 1 in Staves
  1673 | D:2      | Reached skill level 1 in Ranged Weapons
  1673 | D:2      | Reached skill level 1 in Throwing
  1673 | D:2      | Reached skill level 1 in Armour
  1673 | D:2      | Reached skill level 1 in Shields
  1673 | D:2      | Reached skill level 1 in Unarmed Combat
  1673 | D:2      | Reached skill level 1 in Evocations
  1905 | D:2      | Reached skill level 5 in Stealth
  1905 | D:2      | Reached skill level 8 in Spellcasting
  1905 | D:2      | Reached XP level 4. HP: 37/37 MP: 12/14
  1909 | D:2      | Reached skill level 5 in Fighting
  1909 | D:2      | Reached skill level 5 in Short Blades
  1909 | D:2      | Reached skill level 5 in Long Blades
  1909 | D:2      | Reached skill level 5 in Axes
  1909 | D:2      | Reached skill level 5 in Maces & Flails
  1909 | D:2      | Reached skill level 5 in Polearms
  1909 | D:2      | Reached skill level 5 in Staves
  1909 | D:2      | Reached skill level 5 in Ranged Weapons
  1909 | D:2      | Reached skill level 5 in Throwing
  1909 | D:2      | Reached skill level 5 in Armour
  1909 | D:2      | Reached skill level 5 in Shields
  1909 | D:2      | Reached skill level 5 in Unarmed Combat
  1909 | D:2      | Reached skill level 5 in Invocations
  1909 | D:2      | Reached skill level 5 in Evocations
  1909 | D:2      | Reached XP level 5. HP: 44/44 MP: 13/16
  1914 | D:2      | Learned a level 3 spell: Mephitic Cloud
  1919 | D:2      | Learned a level 4 spell: Anguish
  1922 | D:2      | Learned a level 2 spell: Ensorcelled Hibernation
  2603 | D:3      | Reached XP level 6. HP: 39/51 MP: 17/17
  2939 | D:4      | Reached skill level 9 in Spellcasting
  3293 | D:4      | Reached XP level 7. HP: 33/56 MP: 3/19
  3939 | D:4      | Reached skill level 5 in Conjurations
  3939 | D:4      | Reached skill level 5 in Summonings
  3939 | D:4      | Reached skill level 5 in Translocations
  4448 | D:5      | Entered Level 5 of the Dungeon
  4654 | D:5      | Reached XP level 8. HP: 63/63 MP: 18/21
  5196 | D:6      | Found a corrupted altar of Lugonu.
  5196 | D:6      | Found a one-way gate to the infinite horrors of the Abyss.
  5406 | D:6      | Found Sooweg's Distillery.
  5428 | D:6      | Found a burning altar of Makhleb.
  5471 | D:6      | Reached skill level 5 in Shapeshifting
  6411 | D:7      | Found a staircase to the Ecumenical Temple.
  6414 | D:7      | Reached XP level 9. HP: 68/68 MP: 19/22
  6436 | Temple   | Entered the Ecumenical Temple
  6459 | Temple   | Became a worshipper of Sif Muna the Loreminder
  6798 | D:7      | Noticed a rust devil
  6897 | D:7      | Killed a rust devil
  7435 | D:7      | Noticed an angel
  7658 | D:7      | Learned a level 3 spell: Fugue of the Fallen
  7715 | D:8      | Reached * piety under Sif Muna
  7764 | D:8      | Reached skill level 5 in Hexes
  7764 | D:8      | Reached skill level 5 in Necromancy
  7764 | D:8      | Reached skill level 5 in Fire Magic
  7764 | D:8      | Reached skill level 5 in Ice Magic
  7764 | D:8      | Reached skill level 5 in Air Magic
  7764 | D:8      | Reached skill level 5 in Earth Magic
  7764 | D:8      | Reached skill level 5 in Alchemy
  7842 | D:8      | Noticed Prince Ribbit
  7871 | D:8      | Found Nisorgh's Armour Boutique.
  7879 | D:8      | Bought a +1 pair of gloves of dexterity for 181 gold pieces
  7956 | D:8      | Reached XP level 10. HP: 45/76 MP: 14/23
  7978 | D:8      | Found a sacrificial altar of Ru.
  8352 | D:8      | Killed Prince Ribbit
  8428 | D:8      | Found a staircase to the Lair.
  8552 | D:9      | Found a hazy altar of Hepliaklqana.
  8552 | D:9      | Found a white marble altar of Elyvilon.
  8572 | D:9      | Noticed Harold
  8634 | D:9      | Killed Harold
  9023 | D:9      | Noticed Erica
  9046 | D:9      | Reached ** piety under Sif Muna
  9198 | D:8      | Killed Erica
  9276 | D:9      | Noticed a two-headed ogre
  9463 | D:9      | Killed a two-headed ogre
  9464 | D:9      | Reached XP level 11. HP: 70/83 MP: 16/24
  9751 | D:10     | Entered Level 10 of the Dungeon
  9786 | D:10     | Noticed a two-headed ogre
  9803 | D:10     | Killed a two-headed ogre
  9859 | D:10     | Found a flagged portal.
  9862 | D:10     | Noticed Maggie
  9890 | D:10     | Killed Maggie
  9891 | D:10     | Reached skill level 10 in Spellcasting
 10014 | Bailey   | Entered a bailey
 10248 | Bailey   | Noticed a vault guard
 10265 | Bailey   | Killed a vault guard
 10294 | Bailey   | Noticed a vault guard
 10301 | Bailey   | Killed a vault guard
 10323 | Bailey   | Identified a scroll of acquirement
 10324 | Bailey   | Acquired 814 gold pieces
 10436 | D:10     | Reached *** piety under Sif Muna
 10502 | D:10     | Found a staircase to the Orcish Mines.
 11334 | D:11     | Noticed a green ugly thing
 11609 | D:11     | Killed a green ugly thing
 11649 | D:10     | Noticed a tengu warrior
 11673 | D:10     | Killed a tengu warrior
 11674 | D:10     | Reached XP level 12. HP: 69/91 MP: 26/26
 11742 | D:10     | Learned a level 5 spell: Fireball
 11782 | Orc:1    | Entered Level 1 of the Orcish Mines
 11805 | D:10     | Mangled by a warg

Illustrated notes

Levels and vault maps discovered:
D:1:      tarquinn_simple_flora_water_d, layout_loops_corners,
          nicolae_houndstooth_variations
D:2:      layout_loops_cross
D:3:      layout_loops_corners
D:4:      layout_basic
D:5:      layout_basic
D:6:      layout_loops_cross, makhleb_heckhound_becter, serial_shops,
          nicolae_square_shop, amcnicky_altar_lugonu_corruption
D:7:      layout_basic, temple_garden
D:8:      layout_cave_pools, nicolae_ru_awakened_eye, erik_lair_orcish_takeover,
          serial_shops, shop, small_statue_intersection, minivault_1,
          kennysheep_nub, eino_small_chamber_without_monster,
          kennysheep_small_spiral, uniq_prince_ribbit1
D:9:      layout_rooms, jmf_multi_god_temple, uniq_harold, uniq_erica
D:10:     layout_roguey, minmay_orc_entry_temple_small, enter_bailey_5,
          uniq_maggie
D:11:     layout_basic, uniq_psyche, uniq_sonja, uniq_erolcha
Temple:   mainiacjoe_temple_coin_purse
Orc:1:    cheibrodos_orc_bank, layout_caves, serial_shops, nicolae_shop_stone,
          nicolae_orc_pool_cavern, mainiacjoe_minedec_watcher_in_the_water

Skill      XL: |  1  2  3  4  5  6  7  8  9 10 11 |
---------------+----------------------------------+-----
Conjurations   | 2 3 4 5 6 |  6.6
Summonings     | 2 3 4 5 6 |  6.6
Translocations | 2 3 4 5 6 |  6.6
Invocations    | 4 5 6 7 8 |  8.2
Fighting       | 3 5 6 7 |  7.5
Short Blades   | 3 5 6 7 |  7.5
Long Blades    | 3 5 6 7 |  7.5
Axes           | 3 5 6 7 |  7.5
Maces & Flails | 3 5 6 7 |  7.5
Polearms       | 3 5 6 7 |  7.5
Staves         | 3 5 6 7 |  7.5
Ranged Weapons | 3 5 6 7 |  7.5
Throwing       | 3 5 6 7 |  7.5
Armour         | 3 5 6 7 |  7.5
Shields        | 3 5 6 7 |  7.5
Unarmed Combat | 3 5 6 7 |  7.5
Evocations     | 3 5 6 7 |  7.5
Dodging        | 6 7 8 |  8.9
Stealth        | 5 6 7 8 |  8.7
Spellcasting   | 8 9 10 | 10.4
Hexes          | 3 4 5 6 |  6.2
Necromancy     | 3 4 5 6 |  6.2
Fire Magic     | 3 4 5 6 |  6.2
Ice Magic      | 3 4 5 6 |  6.2
Air Magic      | 3 4 5 6 |  6.2
Earth Magic    | 3 4 5 6 |  6.2
Alchemy        | 3 4 5 6 |  6.2
Shapeshifting  | 3 4 5 6 |  6.8

Action                     |  1- 3 |  4- 6 |  7- 9 | 10-12 || total
---------------------------+-------+-------+-------+-------++-------
  Melee: Dagger            |    63 |    69 |   279 |   245 ||   656
         Bite              |     6 |     3 |    29 |    47 ||    85
         Punch             |       |       |    10 |    14 ||    24
         Short sword       |       |       |       |     2 ||     2
         Trident           |       |       |       |     1 ||     1
         Flail             |       |       |       |    40 ||    40
  Throw: Dart              |       |       |       |     2 ||     2
   Cast: Magic Dart        |    56 |       |    31 |       ||    87
         Call Imp          |     1 |     3 |     3 |     5 ||    12
         Ensorcelled Hiber |       |    17 |    51 |    74 ||   142
         Fugue of the Fall |       |       |     2 |     7 ||     9
         Anguish           |       |       |     2 |     1 ||     3
         Blink             |       |       |     1 |     5 ||     6
         Mephitic Cloud    |       |       |       |    21 ||    21
    Use: Potion            |     2 |     3 |     1 |     3 ||     9
         Scroll            |       |     3 |     2 |    10 ||    15
   Stab: Sleeping          |     3 |     7 |    50 |    36 ||    96
         Distracted        |       |     1 |       |       ||     1
         Confused          |       |       |       |    16 ||    16
 Armour: Robe              |    32 |       |       |       ||    32
         Leather armour    |     8 |    48 |   125 |    47 ||   228
         Acid dragon scale |       |       |       |    10 ||    10
         Swamp dragon scal |       |       |       |   105 ||   105
  Dodge: Dodged            |    52 |    37 |   123 |   157 ||   369
  Block: Buckler           |       |       |       |    23 ||    23
